 Dungeon Crawl Stone Soup version 0.17-a0-1617-gfba1302 (webtiles) character file.

303 karlkraus the Shield-Bearer (level 6, -2/53 HPs)
             Began as a Minotaur Fighter on Aug 1, 2015.
             Slain by a hobgoblin
             ... wielding a +0 club
              (3 damage)
             ... on level 3 of the Dungeon.
             The game lasted 00:04:40 (2234 turns).

karlkraus the Shield-Bearer (Minotaur Fighter)      Turns: 2234, Time: 00:04:40

Health: -2/53      AC:  9    Str: 22    XL:     6   Next: 15%
Magic:  5/5        EV:  8    Int:  5    God:
Gold:   127        SH:  9    Dex: 10    Spells: 0 memorised, 5 levels left

rFire  x . .     SeeInvis .     a - +0 flail
rCold  + . .     Clarity  .     b - +0 scale mail
rNeg   . . .     SustAt   .     c - +0 shield
rPois  .         Gourm    .     (helmet restricted)
rElec  .         Spirit   .     s - +0 cloak (curse)
rCorr  .         Warding  .     (no gloves)
rMut   .         Stasis   .     (no boots)
MR     .....                    (no amulet)
Stlth  ..........               l - ring of ice
                                f - +1 ring of protection

@: flying, drained, not resistant to hostile enchantments, extremely unstealthy
A: retaliatory headbutt, horns 2
a: no special abilities


You were on level 3 of the Dungeon.
You were hungry.

You visited 1 branch of the dungeon, and saw 3 of its levels.

You collected 127 gold pieces.

Inventory:

Hand weapons
 a - a +0 flail (weapon)
Armour
 b - a +0 scale mail (worn)
 c - a +0 shield (worn)
 s - a cursed +0 cloak (worn)
Jewellery
 f - a +1 ring of protection (left hand)
 l - a ring of ice (right hand)
 q - an uncursed amulet of clarity {unknown}
Scrolls
 d - a scroll of amnesia {unknown}
 g - 2 scrolls of identify
 h - 2 scrolls of teleportation {unknown}
 o - a scroll of immolation {unknown}
Potions
 j - a potion of degeneration {unknown}
 k - 2 potions of flight
 p - a potion of curing
 r - 2 potions of poison {unknown}
Books
 n - a book of Flames

   Spells                             Type                      Level
   a - Flame Tongue                   Conjuration/Fire             1
   b - Throw Flame                    Conjuration/Fire             2
   c - Conjure Flame                  Conjuration/Fire             3
   d - Inner Flame                    Hexes/Fire                   3
   e - Sticky Flame                   Conjuration/Fire             4
   f - Fireball                       Conjuration/Fire             5
Comestibles
 e - 6 bread rations
 i - 3 slices of pizza
 m - 2 meat rations


   Skills:
 + Level 4.7(3.9) Fighting
 + Level 4.3(3.5) Maces & Flails
 + Level 4.3(3.5) Armour
 + Level 2.8(2.0) Dodging
 + Level 0.5(0.0) Stealth
 + Level 5.1(4.3) Shields


You had 5 spell levels left.
You didn't know any spells.

Dungeon Overview and Level Annotations

Branches:
Dungeon (3/15)

Altars:
Nemelex Xobeh


Innate Abilities, Weirdness & Mutations

You reflexively headbutt those who attack you in melee.
You have a pair of horns on your head.


Message History

You are too injured to fight recklessly!
You are too injured to fight recklessly!
You are too injured to fight recklessly!
An orc comes into view. It is wielding a mace.
The orc shouts!
A hobgoblin comes into view. It is wielding a club.
You hit the orc warrior but do no damage.
The orc warrior closely misses you.
You closely miss the orc warrior. You block the orc warrior's attack.
You closely miss the orc warrior. Your headbutt misses the orc warrior.
The orc warrior hits you with a battleaxe of draining!
* * * LOW HITPOINT WARNING * * *
You feel drained.
* * * LOW HITPOINT WARNING * * *
You block the hobgoblin's attack.
You sock the orc warrior!
The orc warrior is moderately wounded.
The hobgoblin barely misses you. You block the orc warrior's attack.
The hobgoblin hits you with a club.
You die...

#. #.# .# #.....#.#
##.####.## .# #.......#
.........##.####.#......
##.#..†)..............>.
............# ##.#...#..
.#.....oo..## #.#..##..
###.##o##.# #.#..###. #
#o##.# #....# #.
.##@##.#####....###.
.......g................
........................ #
.###.#..##.##.##..#.###. ##.
#.....##.##.##..#.###.
...........................
#..##.##..##.##.##..#.###.
.##.....##..##.##.##..#.....
.........)).#.......).......


You could see an orc warrior, 3 orcs and a hobgoblin.

Vanquished Creatures
  The ghost of karlkraus the Covered, an average MiFi (D:3)
  An orc wizard (D:3)
  3 gnolls (D:3)
  3 adders
  2 oozes
  4 worms
  4 giant geckos
  7 orcs (D:3)
  3 bats
  4 giant cockroaches
  11 hobgoblins
  A jackal (D:3)
  7 kobolds
  2 quokkas
  3 ball pythons
  4 giant newts
  7 goblins
  38 rats
105 creatures vanquished.

Notes
Turn   | Place    | Note
--------------------------------------------------------------
     0 | D:1      | karlkraus the Minotaur Fighter began the quest for the Orb.
     0 | D:1      | Reached XP level 1. HP: 19/19 MP: 0/0
   103 | D:1      | Found a sparkling altar of Nemelex Xobeh.
   116 | D:1      | Reached XP level 2. HP: 27/27 MP: 1/1
   323 | D:1      | Reached skill level 4 in Shields
   524 | D:2      | Reached XP level 3. HP: 13/33 MP: 2/2
  1132 | D:2      | Reached skill level 1 in Dodging
  1243 | D:2      | Reached XP level 4. HP: 33/40 MP: 3/3
  1631 | D:3      | Reached XP level 5. HP: 27/47 MP: 4/4
  1738 | D:3      | Noticed karlkraus's ghost (average MiFi)
  1745 | D:3      | Killed karlkraus's ghost
  1745 | D:3      | Reached skill level 5 in Shields
  1868 | D:3      | Reached XP level 6. HP: 48/53 MP: 5/5
  2217 | D:3      | Noticed an orc warrior
  2233 | D:3      | HP: 1/53 [orc warrior/battleaxe of draining (4)]
  2234 | D:3      | Slain by a hobgoblin

Vault maps used:
D:1:      lemuel_arrival_behind_the_door_small, nemelex_deck
D:2:      first_bread, minmay_rats_cheesy_pizza
D:3:      forest_paths

Action                   |  1- 3 |  4- 6 || total
-------------------------+-------+-------++-------
Melee: Flail             |   115 |   135 ||   250
  Use: Scroll            |       |     1 ||     1
       Potion            |       |     2 ||     2
  Eat: Chunk             |     1 |     3 ||     4
